AoeStats
← 香辣鸡翅

Nomad

510485348Analyzed
4v4 RM · 1d ago on Oct 1, 2026· 39m 35s· 8 players
Game mode
Random Map
Map size
231×231
Population
200
Speed
Normal
Resources
Standard
Victory
Conquest
Starting age
Dark Age
Ending age
Imperial Age
RankedLock teamsTeams togetherTeam positionsShared explorationLock speedFull tech treeHidden civsTurbo modeCheats
Victory
Defeat
🇭🇰 Huns · Hong Kong SAR China
1112
+16
🇨🇳 Byzantines · China
1092
+17
🇨🇳 Italians · China
1037
+19
🇨🇳 Mongols · China
1025
+19
🇸🇰 Vietnamese · Slovakia
1118
-18
🇨🇳 Danes · China
1115
-18
🇨🇦 Japanese · Canada
1106
-18
🇨🇱 Persians · Chile
1087
-17
Sean
4:03 Loom
13:46 Feudal Age
17:26 Castle Age
15:20 Fishing Lines
16:15 Double-Bit Axe
21:17 Wheelbarrow
Kebab do ruky
4:17 Loom
19:01 Feudal Age
20:17 Double-Bit Axe
20:19 Fishing Lines
22:51 Castle Age
23:16 Crossbowman
24:07 Padded Archer Armor
24:21 Fletching
25:28 Wheelbarrow
26:01 Bow Saw
27:09 Town Watch
28:38 Hand Cart
29:08 Bodkin Arrow
29:56 Gillnets
32:33 Thumb Ring
36:28 Imperial Age
36:08 Leather Archer Armor
36:34 Medium Warships
37:43 Bracer
38:18 Paper Money
39:36 Heavy Warships
39:58 Scale Mail Armor
我的哈哈哈
16:42 Feudal Age
20:36 Castle Age
18:38 Double-Bit Axe
20:20 Gold Mining
23:32 Bow Saw
23:43 Scale Mail Armor
24:10 Fletching
25:51 Forging
26:15 Squires
27:22 Loom
27:42 Arson
33:21 Wheelbarrow
32:56 Fishing Lines
32:45 Hamask
35:35 Murder Holes
36:51 Chain Mail Armor
36:46 Gillnets
38:50 Iron Casting
38:36 Masonry
Belisario1903
3:19 Loom
14:44 Feudal Age
15:33 Double-Bit Axe
16:18 Fishing Lines
17:27 Gold Mining
18:58 Fishing Lines
19:28 Horse Collar
24:05 Castle Age
24:13 Stone Mining
25:02 Wheelbarrow
24:24 Town Watch
25:56 Bow Saw
25:40 Fletching
27:47 Gold Shaft Mining
27:47 Stone Shaft Mining
34:53 Imperial Age
33:47 Heavy Plow
34:39 Ballistics
34:19 Murder Holes
37:27 Chemistry
36:40 Bodkin Arrow
37:35 Scale Mail Armor
38:21 Forging
39:10 Chain Mail Armor
随便玩玩
14:10 Feudal Age
17:42 Castle Age
16:36 Stone Mining
20:31 Wheelbarrow
29:05 Fletching
31:48 Bodkin Arrow
40:15 Hand Cart
ui949
4:43 Loom
12:58 Feudal Age
13:52 Fishing Lines
16:14 Fletching
19:19 Castle Age
17:41 Stone Mining
19:18 Gold Mining
21:13 Wheelbarrow
20:33 Gillnets
23:14 Hand Cart
23:37 Double-Bit Axe
24:52 Bow Saw
25:20 Stone Shaft Mining
25:20 Gold Shaft Mining
26:36 Squires
25:57 Pikeman
30:39 Ballistics
30:41 Husbandry
34:47 Imperial Age
32:44 Forging
33:49 Treadmill Crane
34:04 Murder Holes
34:49 Iron Casting
36:11 Conscription
36:45 Elite Cataphract
香辣鸡翅
6:17 Loom
15:37 Feudal Age
15:58 Fishing Lines
21:34 Castle Age
19:30 Stone Mining
19:34 Gold Mining
21:47 Double-Bit Axe
23:13 Bow Saw
25:22 Wheelbarrow
24:32 Town Watch
25:12 Gillnets
29:43 Imperial Age
29:12 Gold Shaft Mining
31:25 Marauders
31:12 Horse Collar
31:50 Hand Cart
32:19 Scale Barding Armor
32:29 Forging
32:48 Husbandry
33:18 Bloodlines
34:10 Heavy Plow
34:14 Elite Tarkan
35:41 Conscription
35:45 Chain Barding Armor
36:01 Iron Casting
37:40 Plate Barding Armor
37:27 Capped Ram
360216051
8:28 Loom
14:27 Feudal Age
15:21 Double-Bit Axe
15:42 Fishing Lines
18:28 Gold Mining
21:04 Castle Age
19:15 Stone Mining
23:01 Stone Shaft Mining
22:46 Bow Saw
23:16 Wheelbarrow
23:02 Gillnets
23:31 Fletching
23:42 Padded Archer Armor
24:45 Bodkin Arrow
25:47 Leather Archer Armor
28:32 Ballistics
27:53 Treadmill Crane
29:58 Hand Cart
34:58 Imperial Age
32:34 Horse Collar
34:05 Heavy Plow
36:43 Two-Man Saw
35:46 Bracer
36:17 Ring Archer Armor
36:51 Chemistry
36:27 Conscription
Connection lost

Rejoining the realm…

Still unreachable

The connection could not be restored.

Session expired

The server has moved on; the page needs a fresh start.